 Dungeon Crawl Stone Soup version 0.28.0-47-ge53b351184 (webtiles) character file.

Game seed: 14092620068482975987

686 nickcage the Cutter (level 7, -1/25 (35) HPs)
             Began as a Spriggan Enchanter on May 3, 2022.
             Was an Initiate of Dithmenos.
             Slain by a necrophage (5 damage)
             ... on level 3 of the Dungeon.
             The game lasted 00:15:54 (7975 turns).

nickcage the Cutter (Spriggan Enchanter)            Turns: 7975, Time: 00:15:54

HP:   -1/25 (35)    AC:  2    Str:  4    XL:     7   Next: 35%
MP:   12/12         EV: 17    Int: 17    God:    Dithmenos [......]
Gold: 192           SH:  0    Dex: 17    Spells: 10/12 levels left

rFire   + . .      SeeInvis +   a - +1 dagger
rCold   . . .      Faith    .   (no shield)
rNeg    . . .      Spirit   .   b - +0 robe
rPois   .          Reflect  .   (helmet restricted)
rElec   .          Harm     .   (no cloak)
rCorr   .          Rampage  .   (gloves unavailable)
Will    +....                   (boots unavailable)
Stlth   ++........              (no amulet)
HPRegen 0.08/turn               i - ring of protection from fire
MPRegen 0.13/turn               (no ring)

@: silenced (expiring), very heavily drained, very quick
A: very small, no large weapons, unfitting armour, see invisible, speed 3
a: Renounce Religion


You were on level 3 of the Dungeon.
You worshipped Dithmenos.
Dithmenos was noncommittal.
You visited 1 branch of the dungeon, and saw 4 of its levels.

You collected 192 gold pieces.

Inventory:

Hand Weapons
 a - a +1 dagger (weapon)
 p - a +0 rapier
Missiles
 f - 4 curare-tipped darts
Armour
 b - a +0 robe (worn)
Jewellery
 i - a ring of protection from fire (left hand)
Scrolls
 d - a scroll of blinking
 h - 3 scrolls of identify {unknown}
 l - a scroll of enchant weapon {unknown}
Potions
 c - a potion of invisibility
 g - a potion of magic {unknown}
 j - a potion of resistance {unknown}
 k - a potion of haste {unknown}
 m - a potion of degeneration {unknown}
 n - 2 potions of curing {unknown}
 o - a potion of mutation {unknown}
 q - a potion of berserk rage {unknown}
 r - a potion of brilliance {unknown}
 s - 2 potions of attraction {unknown}


   Skills:
 - Level 2.0 Fighting
 * Level 7.5 Short Blades
 - Level 2.6 Dodging
 - Level 4.4 Stealth
 - Level 3.1 Spellcasting
 - Level 5.0 Hexes


You had 10 spell levels left.
You knew the following spells:

 Your Spells              Type           Power      Damage    Failure   Level
a - Ensorcelled Hibernat  Hex/Ice        22%        N/A       10%         2

Your spell library contained the following spells:

 Spells                   Type           Power      Damage    Failure   Level
 Confusing Touch          Hex            19%        N/A       7%          3
 Tukima's Dance           Hex            19%        N/A       7%          3
 Summon Small Mammal      Summ           8%         N/A       17%         1
 Dazzling Flash           Conj/Hex       22%        N/A       19%         3
 Summon Guardian Golem    Hex/Summ       11%        N/A       19%         3
 Corpse Rot               Necr/Air       4%         N/A       26%         2
 Call Canine Familiar     Summ           2%         N/A       45%         3
 Dispel Undead            Necr           2%         3d7       86%         4
 Passage of Golubria      Tloc           2%         N/A       86%         4
 Yara's Violent Unravell  Hex/Tmut       5%         3d4       86%         5
 Death Channel            Necr           1%         N/A       100%        6


Dungeon Overview and Level Annotations

Branches:
Dungeon (4/15)
 Temple: D:4-7

Altars:
Cheibriados
Dithmenos
Fedhas
Kikubaaqudgha
Ru
Trog

Annotations:
D:3 2 transporters, issech's ghost, weakling TrFi


Innate Abilities, Weirdness & Mutations

You are very small and have problems with some larger weapons.
You are too small for most types of armour.
You have supernaturally acute eyesight. (SInv)
You cover ground extremely quickly. (Speed+++)


Message History

The necrophage closely misses you.
You hit the necrophage but do no damage.
The necrophage is severely damaged.
You hit the necrophage.
The necrophage is severely damaged.
The necrophage hits you.
You hit the necrophage but do no damage.
The necrophage is severely damaged.
You barely miss the necrophage.
The necrophage is severely damaged.
The necrophage hits you!
You closely miss the necrophage.
The necrophage is severely damaged.
The necrophage hits you.
You barely miss the necrophage.
The necrophage is severely damaged.
You hit the necrophage.
The necrophage is almost destroyed.
The necrophage hits you.
* * * LOW HITPOINT WARNING * * *
You completely miss the necrophage.
The necrophage is almost destroyed.
You hit the necrophage.
The necrophage is almost destroyed.
The necrophage closely misses you.
You hit the necrophage but do no damage.
The necrophage is almost destroyed.
The necrophage hits you.
* * * LOW HITPOINT WARNING * * *
You feel drained.
* * * LOW HITPOINT WARNING * * *
You barely miss the necrophage.
The necrophage is almost destroyed.
You hit the necrophage but do no damage.
The necrophage is almost destroyed.
The necrophage closely misses you.
You hit the necrophage but do no damage.
The necrophage is almost destroyed.
The necrophage hits you.
You die...

#.........####..
#..............#
#..#########.###
######..### ##...#
#.........####..###
#.........##...##
###
#.........#..###
#.. #.........#.##
##.# #...@n....#.#
##..# #.........#.#
###..##
#####..#....#
#...##
#.####..###.###
##.#####..#..####
#(.#............##
#.##.#.......(....
#.#..#..........##
#.#.##).........#


You could see a necrophage.

Vanquished Creatures
  2 ogres (D:4)
  2 necrophages (D:4)
  A hound (D:4)
  2 orc priests (D:3)
  2 iguanas (D:4)
  2 orc wizards (D:4)
  A gnoll (D:1)
  5 adders
  An ufetubus (D:4)
  An adder zombie (D:4)
  2 worms
  2 dart slugs (D:4)
  5 orcs
  3 bats
  6 endoplasms
  6 giant cockroaches
  5 goblins
  13 hobgoblins
  4 jackals
  5 quokkas
  8 ball pythons
  A ball python skeleton (D:2)
  5 frilled lizards
  8 kobolds
  4 rats
96 creatures vanquished.

Vanquished Creatures (others)
  A bush (D:4)
  2 fungi (D:1)
  13 plants (D:4)
16 creatures vanquished.

Grand Total: 112 creatures vanquished

Notes
Turn   | Place    | Note
-------+----------+-------------------------------------------
     0 | D:1      | nickcage the Spriggan Enchanter began the quest for the
                  | Orb.
     0 | D:1      | Reached XP level 1. HP: 9/9 MP: 5/5
   669 | D:1      | Reached XP level 2. HP: 13/13 MP: 7/7
   792 | D:1      | Learned a level 2 spell: Ensorcelled Hibernation
  1083 | D:1      | Reached XP level 3. HP: 14/16 MP: 3/8
  1321 | D:1      | Found a faded altar of an unknown god.
  1439 | D:2      | Reached skill level 5 in Hexes
  2045 | D:2      | Reached skill level 2 in Short Blades
  2339 | D:3      | Reached XP level 4. HP: 21/21 MP: 9/9
  2341 | D:3      | Found a snail-covered altar of Cheibriados.
  2342 | D:3      | Found a shadowy altar of Dithmenos.
  2345 | D:3      | Found a bloodstained altar of Trog.
  2373 | D:3      | Became a worshipper of Dithmenos the Shadowed
  2535 | D:3      | Found a transporter.
  2536 | D:3      | Noticed issech's ghost (weakling TrFi)
  2542 | D:3      | Found a transporter.
  2543 | D:3      | Noticed an ogre
  2544 | D:3      | Identified the +8 dire flail "Wadybbad" {antimagic, rN+}
  2544 | D:3      | Noticed an ogre
  3410 | D:3      | Reached skill level 3 in Short Blades
  3738 | D:3      | Reached skill level 4 in Short Blades
  3738 | D:3      | Reached XP level 5. HP: 19/25 MP: 1/10
  4050 | D:3      | Reached skill level 1 in Fighting
  4062 | D:3      | Reached * piety under Dithmenos
  4637 | D:4      | Reached skill level 5 in Short Blades
  4692 | D:4      | Found an ancient bone altar of Kikubaaqudgha.
  4864 | D:4      | Noticed an ogre
  4870 | D:4      | Killed an ogre
  4871 | D:4      | Reached XP level 6. HP: 30/30 MP: 4/11
  5060 | D:4      | Found a sacrificial altar of Ru.
  5739 | D:4      | Reached skill level 6 in Short Blades
  6069 | D:4      | Found a blossoming altar of Fedhas.
  6641 | D:4      | Reached skill level 7 in Short Blades
  6641 | D:4      | Reached XP level 7. HP: 7/32 MP: 12/12
  7975 | D:3      | Slain by a necrophage

Illustrated notes

Levels and vault maps discovered:
D:1:      dpeg_arrival_snail, layout_loops_ring,
          shapermc_ecumenical_altar_hornbeckon
D:2:      minmay_chambers_of_twos, layout_loops_cross, minmay_pentomino_w2,
          uniq_natasha
D:3:      layout_rooms, gammafunk_temple_overflow_forgotten,
          gammafunk_ghost_smash
D:4:      layout_basic, nicolae_kikubaaqudgha_miasma_corner,
          fedhas_altar_decomposition, hangedman_ru_absence,
          grunt_decor_mini_mirrors

Skill      XL: |  1  2  3  4  5  6  7 |
---------------+----------------------+-----
Hexes          | 4 5 |  5.0
Spellcasting   | 3 |  3.1
Short Blades   | 2 4 5 7 |  7.5
Fighting       | 1 2 |  2.0
Dodging        | |  2.6
Stealth        | |  4.4

Action                   |  1- 3 |  4- 6 |  7- 9 || total
-------------------------+-------+-------+-------++-------
Melee: Dagger            |   106 |   282 |   112 ||   500
       Punch             |       |     7 |     3 ||    10
 Cast: Ensorcelled Hiber |    12 |    49 |       ||    61
  Use: Scroll            |       |       |     2 ||     2
 Stab: Sleeping          |    31 |    28 |       ||    59
Armor: Robe              |     6 |    11 |     6 ||    23
Dodge: Dodged            |    64 |   185 |    41 ||   290
